 Dungeon Crawl Stone Soup version 0.20.1-1-g8b1a95d (webtiles) character file.

5433 Mesmaeker13 the Slicer (level 11, -10/51 HPs)
             Began as a Kobold Skald on Dec 11, 2017.
             Was a Priest of Hepliaklqana.
             Killed from afar by Kingsmith's ghost (31 damage)
             ... with an orb of energy
             ... on level 8 of the Dungeon.
             The game lasted 00:22:44 (7962 turns).

Mesmaeker13 the Slicer (Kobold Skald)               Turns: 7962, Time: 00:22:46

Health: -10/51     AC: 16    Str:  9    XL:     11   Next: 0%
Magic:  11/15      EV: 19    Int: 21    God:    Hepliaklqana [***...]
Gold:   470        SH:  5    Dex: 15    Spells: 5/14 levels left

rFire    + + +     SeeInvis .   f - +1 dagger (venom)
rCold    . . .     Gourm    .   L - +0 buckler
rNeg     . . .     Faith    .   E - +3 leather armour {rF+}
rPois    .         Spirit   .   (no helmet)
rElec    .         Reflect  .   K - +2 cloak
rCorr    .         Harm     .   w - +2 pair of gloves
MR       .....                  j - +1 pair of boots
Stlth    +++.......             t - amulet of regeneration
Regen    0.6/turn               F - ring of protection from fire
MPRegen  0.2/turn               D - +4 ring of intelligence

@: shrouded
A: reduced essence, claws 1, yellow scales 1, carnivore 3, deterioration 1, fire
resistance 1
a: Recall Ancestor, Ancestor Identity, Transference, Renounce Religion


You were on level 8 of the Dungeon.
You worshipped Hepliaklqana.
Hepliaklqana was most pleased with you.
You were completely stuffed.

You visited 2 branches of the dungeon, and saw 10 of its levels.
You also visited: Ossuary.

You collected 470 gold pieces.

Inventory:

Hand Weapons
 f - a +1 dagger of venom (weapon)
 p - a +0 dagger of speed
Armour
 j - a +1 pair of boots (worn)
 w - a +2 pair of gloves (worn)
 C - the cursed +0 chain mail of the Lost Planets {Int+2 Slay+5, unknown}
   (You found it on level 6 of the Dungeon)

   It affects your intelligence (+2).
   It affects your accuracy and damage with ranged weapons and melee attacks
   (+5).
   It has a curse placed upon it.
 E - a +3 leather armour of fire resistance (worn)
 I - a +2 leather armour of magic resistance
 K - a +2 cloak (worn)
 L - a +0 buckler (worn)
Jewellery
 t - an amulet of regeneration (around neck)
 D - a +4 ring of intelligence (right hand)
 F - a ring of protection from fire (left hand)
Wands
 e - a wand of iceblast (11/15)
 M - a wand of confusion (30/48)
Scrolls
 a - 7 scrolls of teleportation
 g - a scroll of enchant armour
 i - a scroll of fear
 m - 2 scrolls of remove curse
 n - a scroll of amnesia
 o - 2 scrolls of immolation {unknown}
 q - a scroll of enchant weapon
 y - 3 scrolls of magic mapping
 G - a scroll of noise {unknown}
 H - 3 scrolls of identify
Potions
 b - 2 potions of lignification {unknown}
 h - a potion of ambrosia {unknown}
 k - 2 potions of mutation
 l - 3 potions of agility {unknown}
 r - 4 potions of brilliance {unknown}
 s - 2 potions of haste
 x - a potion of heal wounds
 z - 3 potions of curing
 A - 2 potions of flight {unknown}
 B - a potion of berserk rage {unknown}
Books
 c - a book of Battle

   Spells                             Type                      Level
   a - Infusion                       Charms                       1
   b - Shroud of Golubria             Charms/Translocation         2
   c - Song of Slaying                Charms                       2
   d - Spectral Weapon                Hexes/Charms                 3
   e - Regeneration                   Charms/Necromancy            3
 J - a book of Minor Magic

   Spells                             Type                      Level
   a - Magic Dart                     Conjuration                  1
   b - Blink                          Translocation                2
   c - Call Imp                       Summoning                    2
   d - Slow                           Hexes                        2
   e - Conjure Flame                  Conjuration/Fire             3
   f - Mephitic Cloud                 Conjuration/Poison/Air       3
Comestibles
 d - 6 meat rations
 u - 5 royal jellies


   Skills:
 - Level 2.1 Fighting
 + Level 10.4 Short Blades
 - Level 0.7 Armour
 - Level 8.7 Dodging
 - Level 6.5 Stealth
 + Level 2.6 Shields
 - Level 2.1 Spellcasting
 - Level 6.0 Charms
 + Level 4.2 Necromancy
 + Level 6.4 Invocations


You had 5 spell levels left.
You knew the following spells:

 Your Spells              Type           Power        Failure   Level  Hunger
a - Infusion              Chrm           ####         2%          1    #......
b - Shroud of Golubria    Chrm/Tloc      ##........   12%         2    ##.....
c - Regeneration          Chrm/Necr      ###.......   10%         3    ###....
d - Spectral Weapon       Hex/Chrm       ##......     22%         3    ###....


Dungeon Overview and Level Annotations

Branches:
Dungeon (9/15)             Temple (1/1) D:4
   Lair: D:8-11         Orc: D:9-12

Altars:
Ashenzari
Cheibriados
Dithmenos
Elyvilon
Fedhas
Gozag
Hepliaklqana
Kikubaaqudgha
Makhleb
Nemelex Xobeh
Okawaru
Qazlal
Ru
Sif Muna
Trog
Vehumet
Xom
Yredelemnul
Zin
The Shining One

Annotations:
D:8 Kingsmith's ghost, novice DECj


Innate Abilities, Weirdness & Mutations

You are small and have problems with some larger weapons.
You are carnivorous and can eat meat at any time.
Your life essence is reduced to manifest your ancestor. (-10% HP)
You have sharp fingernails.
You are partially covered in yellow scales. (AC +2)
Your body sometimes deteriorates upon taking damage.
Your flesh is heat resistant. (rF+)


Message History

Casting: Shroud of Golubria
Confirm with . or Enter, or press ? or * to list all spells.
Space distorts slightly along a thin shroud covering your body.
Kingsmith's ghost hits Impisi.
Select a target.
Press: ? - help, Dir - move target cursor, f - Kingsmith's ghost
Aim: Kingsmith's ghost, wielding a weapon of venom The floor.
Kingsmith's ghost swaps with Impisi!
Impisi barely misses Kingsmith's ghost.
Kingsmith's ghost casts a spell at you. The orb of energy hits you!
Ouch! That really hurt!
The orb of energy explodes!
Impisi hits Kingsmith's ghost with a quarterstaff!
The two-headed ogre hits Impisi with a giant club!!
Impisi is destroyed!
Kingsmith's ghost points at you and mumbles some strange words.
The orb of energy hits you!
Ouch! That really hurt!
You die...

#.#.#.# #.#.#.####
#......).#####
#.#....O.....#
.#.###.###.##ยง#######
.............W.......
..###..##.##...####
#...#.##...#
#.#.#.##.@.#############
#......................#
.######..##....#########.##
...............# #O#
.###.##..##.##.# ####.#
........>##.##.# #.##.#
..##.######..#.# #.##.# .
.. ...#.######....# ...
#.............##


You could see a two-headed ogre and Kingsmith's ghost.

Vanquished Creatures
  Pikel (D:4)
  2 orc warriors
  An ice beast (D:7)
  2 black bears
  3 ogres
  2 sky beasts
  4 bullfrogs
  A wyvern zombie (D:6)
  A gnoll sergeant (D:7)
  A water moccasin skeleton (D:7)
  3 killer bees (D:9)
  4 scorpions
  A howler monkey (D:6)
  2 jellies
  A centaur zombie (Ossuary)
  2 bullfrog skeletons (D:6)
  A centaur skeleton (D:4)
  4 orc priests
  Crazy Yiuf (D:7)
  5 hounds
  8 orc wizards
  Terence (D:2)
  2 iguanas (D:9)
  7 worker ants
  A big kobold zombie (Ossuary)
  A hound zombie (D:6)
  2 mummies (Ossuary)
  A howler monkey zombie (D:3)
  4 gnolls
  9 adders
  A shadow imp (D:6)
  2 adder zombies
  An adder skeleton (D:4)
  A dart slug (D:2)
  6 leopard geckos
  24 orcs
  8 giant cockroaches
  3 goblins
  6 hobgoblins
  4 jackals
  2 quokkas
  3 ball pythons
  A ball python skeleton (D:4)
  6 bats
  8 frilled lizards
  6 hobgoblin zombies (Ossuary)
  2 jackal zombies
  6 kobolds
  2 kobold zombies (Ossuary)
  5 orc zombies (Ossuary)
  8 rats
183 creatures vanquished.

Vanquished Creatures (collateral kills)
  2 two-headed ogres (D:9)
  Grinder (D:6)
  An elf zombie (Ossuary)
  3 killer bees (D:9)
  A crimson imp (D:9)
  3 centaur zombies
  A human zombie (Ossuary)
  A jelly (D:6)
  A hound (D:6)
  Ijyb (D:5)
  An iguana (D:4)
  An orc wizard (D:4)
  2 big kobold zombies (Ossuary)
  A hound skeleton (D:6)
  A howler monkey zombie (D:9)
  2 adders (D:4)
  An adder skeleton (D:6)
  2 leopard geckos
  7 orcs
  4 quokkas
  A goblin zombie (Ossuary)
  2 hobgoblin zombies (Ossuary)
  7 kobold zombies (Ossuary)
  4 orc zombies (Ossuary)
51 creatures vanquished.

Vanquished Creatures (others)
  A slave (D:5)
  An iguana (D:5)
  4 battlemagi
  A spectral weapon (D:7)
7 creatures vanquished.

Grand Total: 241 creatures vanquished

Notes
Turn   | Place    | Note
-------+----------+-------------------------------------------
     0 | D:1      | Mesmaeker13 the Kobold Skald began the quest for the Orb.
     0 | D:1      | Reached XP level 1. HP: 12/12 MP: 3/3
   330 | D:1      | Reached XP level 2. HP: 17/17 MP: 5/5
   338 | D:1      | Reached skill level 1 in Stealth
   567 | D:1      | Reached skill level 3 in Short Blades
   567 | D:1      | Reached XP level 3. HP: 16/21 MP: 6/6
   805 | D:2      | Noticed Terence
   821 | D:2      | Killed Terence
   821 | D:2      | Reached XP level 4. HP: 20/26 MP: 7/7
  1564 | D:3      | Learned a level 2 spell: Shroud of Golubria
  1799 | D:3      | Reached XP level 5. HP: 24/30 MP: 8/8
  1953 | D:3      | Reached skill level 4 in Short Blades
  2005 | D:3      | You fall through a shaft for 2 floors!
  2005 | D:5      | Entered Level 5 of the Dungeon
  2089 | D:5      | Reached XP level 6. HP: 30/35 MP: 9/9
  2120 | D:4      | Found a staircase to the Ecumenical Temple.
  2129 | Temple   | Entered the Ecumenical Temple
  2144 | Temple   | Became a worshipper of Hepliaklqana the Forgotten
  2511 | D:5      | Noticed Pikel
  2511 | D:5      | Noticed a slave
  2511 | D:5      | Noticed a slave
  2512 | D:5      | Noticed a slave
  2512 | D:5      | Noticed a slave
  2562 | D:4      | Killed Pikel
  2562 | D:4      | Reached skill level 6 in Short Blades
  2562 | D:4      | Reached skill level 5 in Dodging
  2562 | D:4      | Reached skill level 5 in Stealth
  2562 | D:4      | Reached XP level 7. HP: 9/36 MP: 10/10
  2562 | D:4      | Reached XP level 8. HP: 10/39 MP: 11/11
  2882 | D:4      | Found a sacrificial altar of Ru.
  3545 | D:3      | Found a shimmering altar of Xom.
  3923 | D:5      | Noticed Ijyb
  3938 | D:5      | Killed Ijyb
  4097 | D:5      | Learned a level 3 spell: Regeneration
  4141 | D:6      | Found a sand-covered staircase.
  4159 | Ossuary  | Entered an ossuary
  4258 | Ossuary  | Reached * piety under Hepliaklqana
  4569 | Ossuary  | Reached skill level 7 in Short Blades
  4597 | Ossuary  | Reached skill level 1 in Invocations
  4707 | D:6      | Reached skill level 5 in Charms
  4707 | D:6      | Reached XP level 9. HP: 36/43 MP: 12/12
  4736 | D:6      | Got an ancient chain mail
  4823 | D:6      | Found a basalt altar of Yredelemnul.
  4823 | D:6      | Found a burning altar of Makhleb.
  4824 | D:6      | Found a radiant altar of Vehumet.
  5022 | D:6      | Found Geseg's General Store.
  5045 | D:6      | Noticed Grinder
  5072 | D:6      | Killed Grinder
  5072 | D:6      | Reached skill level 8 in Short Blades
  5104 | D:6      | Gained mutation: You have sharp fingernails. [potion of mutation]
  5104 | D:6      | Gained mutation: Your flesh is heat resistant. (rF+) [potion of mutation]
  5104 | D:6      | Gained mutation: Your body sometimes deteriorates upon taking damage. [potion of mutation]
  5104 | D:6      | Gained mutation: You are partially covered in yellow scales. (AC +2) [potion of mutation]
  5729 | D:7      | Learned a level 3 spell: Spectral Weapon
  6109 | D:7      | Reached XP level 10. HP: 40/47 MP: 7/13
  6159 | D:7      | Reached ** piety under Hepliaklqana
  6189 | D:7      | Reached skill level 9 in Short Blades
  6261 | D:7      | Reached skill level 1 in Necromancy
  6305 | D:7      | Found a runed door.
  6309 | D:7      | Noticed Crazy Yiuf
  6313 | D:7      | Killed Crazy Yiuf
  6542 | D:7      | Found an iron altar of Okawaru.
  6634 | D:7      | Found a sparkling altar of Nemelex Xobeh.
  6758 | D:7      | Reached skill level 5 in Invocations
  6893 | D:8      | Noticed a two-headed ogre
  6895 | D:8      | Remembered your ancestor Impisi as a battlemage
  7106 | D:8      | Noticed Kingsmith's ghost (novice DECj)
  7356 | D:9      | Reached skill level 1 in Shields
  7496 | D:9      | Noticed a two-headed ogre
  7512 | D:9      | Killed a two-headed ogre
  7512 | D:9      | Reached skill level 10 in Short Blades
  7586 | D:9      | Reached *** piety under Hepliaklqana
  7728 | D:9      | Noticed a two-headed ogre
  7738 | D:9      | Killed a two-headed ogre
  7930 | D:8      | Reached XP level 11. HP: 51/51 MP: 15/15
  7962 | D:8      | Killed from afar by Kingsmith's ghost

Skill      XL: |  1  2  3  4  5  6  7  8  9 10 |
---------------+-------------------------------+-----
Stealth        | 1 2 3 5 6 |  6.5
Short Blades   | 3 4 6 7 8 10 | 10.4
Dodging        | 3 4 5 7 8 |  8.7
Charms         | 3 4 5 6 |  6.0
Invocations    | 1 4 6 |  6.4
Necromancy     | 4 |  4.2
Shields        | 2 |  2.6
Fighting       | |  2.1
Armour         | |  0.7
Spellcasting   | |  2.1

Action                   |  1- 3 |  4- 6 |  7- 9 | 10-12 || total
-------------------------+-------+-------+-------+-------++-------
Melee: Short sword       |    28 |       |       |       ||    28
       Dagger            |    65 |   184 |   770 |   266 ||  1285
 Cast: Infusion          |       |     1 |     1 |       ||     2
       Shroud of Golubri |       |       |     3 |     6 ||     9
       Spectral Weapon   |       |       |     2 |     8 ||    10
       Regeneration      |       |       |     2 |     6 ||     8
Invok: Recall Ancestor   |       |       |     2 |     1 ||     3
       Ancestor Identity |       |       |     1 |       ||     1
       Ancestor Life: Ba |       |       |       |     1 ||     1
       Transference      |       |       |       |     1 ||     1
Evoke: Wand              |       |       |     4 |       ||     4
  Use: Scroll            |     4 |     5 |     6 |     3 ||    18
       Potion            |     1 |     4 |     1 |       ||     6
 Stab: Sleeping          |       |     4 |    13 |     8 ||    25
       Distracted        |       |       |     4 |     2 ||     6
  Eat: Chunk             |     4 |    10 |    12 |     9 ||    35
Armor: Leather armour    |    24 |    32 |   124 |    48 ||   228
Dodge: Dodged            |    58 |   100 |   336 |   153 ||   647
Block: Buckler           |       |       |       |    15 ||    15
